 Dungeon Crawl Stone Soup version 0.27.1 (webtiles) character file.

Game seed: 13980724565232686301

185 shadowrider38 the Cutter (level 5, -3/33 (35) HPs)
             Began as a Kobold Berserker on Aug 24, 2021.
             Was a Believer of Trog.
             Slain by a wight (10 damage)
             ... on level 3 of the Dungeon.
             The game lasted 00:05:25 (3038 turns).

shadowrider38 the Cutter (Kobold Berserker)         Turns: 3038, Time: 00:05:25

HP:   -3/33 (35)    AC:  9    Str: 13 (15) XL:     5   Next: 96%
MP:   5/5           EV:  8    Int:  7 (8)  God:    Trog [**....]
Gold: 55            SH:  0    Dex: 14 (15) Spells: 4/4 levels left

rFire    . . .     SeeInvis .   a - +0 short sword (elec)
rCold    . . .     Faith    .   (shield restricted)
rNeg     . . .     Spirit   .   f - +0 chain mail
rPois    +         Reflect  .   (no helmet)
rElec    .         Harm     .   e - +0 cloak
rCorr    .         Rampage  .   (no gloves)
Will     .....                  (no boots)
Stlth    ..........             (no amulet)
HPRegen  0.11/turn              m - ring of poison resistance
MPRegen  0.09/turn              (no ring)

@: on berserk cooldown, slowed, drained, very slow
A: small, no large weapons, nightstalker 3
a: Renounce Religion, Berserk, Trog's Hand


You were on level 3 of the Dungeon.
You worshipped Trog.
Trog was pleased with you.
You visited 1 branch of the dungeon, and saw 3 of its levels.

You collected 55 gold pieces.

Inventory:

Hand Weapons
 a - a +0 short sword of electrocution (weapon)
Missiles
 d - 161 stones
 o - 5 boomerangs (quivered)
Armour
 e - a +0 cloak (worn)
 f - a +0 chain mail (worn)
Jewellery
 m - a ring of poison resistance (left hand)
Scrolls
 b - a scroll of fear {unknown}
 c - a scroll of blinking {unknown}
 g - a scroll of fog {unknown}
 h - 2 scrolls of identify {unknown}
 i - 2 scrolls of amnesia {unknown}
 j - a scroll of summoning {unknown}
Potions
 k - a potion of might {unknown}
 l - a potion of degeneration
 n - a potion of curing {unknown}


   Skills:
 + Level 5.3 Fighting
 + Level 6.4 Short Blades
 - Level 1.5 Armour
 - Level 2.4 Dodging


You had 4 spell levels left.
You didn't know any spells.
Your spell library was empty.

Dungeon Overview and Level Annotations

Branches:
Dungeon (3/15)

Altars:
Trog

Shops:
D:1 (


Innate Abilities, Weirdness & Mutations

You are small and have problems with some larger weapons.
You are completely attuned to the shadows.


Message History

You hit the quokka.
You kill the quokka!
Trog accepts your kill.
No target in view!
A wight comes into view. It is wielding a +0 morningstar.
A wight is nearby!
A wight is nearby!
A wight is nearby!
A wight is nearby!
You closely miss the wight. The wight closely misses you.
A red film seems to cover your vision as you go berserk!
You feel yourself moving faster!
You feel mighty! The wight hits you but does no damage.
You hit the wight.
The wight is lightly damaged.
The wight hits you with a +0 morningstar!
You hit the wight. Lightning courses through the wight!!
You destroy the wight!
Trog accepts your kill.
A wight comes into view.
It is wielding a +2 halberd of freezing.
Things that are here:
a +0 morningstar; a +0 robe You feel a strong urge to attack something.
You feel your anger nearly subside.
You are no longer berserk.
You are exhausted.
You feel yourself slow down. The wight hits you but does no damage.
The wight hits you with a +2 halberd of freezing!
You feel drained. The wight freezes you.
The wight hits you with a +2 halberd of freezing.
* * * LOW HITPOINT WARNING * * *
You feel drained.
* * * LOW HITPOINT WARNING * * *
The wight freezes you.
* * * LOW HITPOINT WARNING * * *
It was a potion of degeneration.
There was something very wrong with that liquid.
You feel weakened.
You feel dopey.
You feel clumsy.
The wight hits you with a +2 halberd of freezing!
You die...

... #..#### ..z..
#..###########
#)#.........#
#.#.........# ..# ..
#...........# #.# ##..
###....z@...# #.###...
#.....>...######.##....
#......................
#.............##†##....
...........###..#.##....
.#.........# ##...##....
#......>..# ###.##...#
###### ####...# #...#


You could see a wight.

Vanquished Creatures
  A wight (D:3)
  Jessica (D:2)
  An iguana (D:2)
  4 gnolls (D:2)
  An adder (D:2)
  A dart slug (D:3)
  4 endoplasms
  2 giant cockroaches (D:2)
  3 hobgoblins
  4 jackals (D:1)
  4 quokkas
  3 ball pythons
  A bat (D:1)
  2 frilled lizards
  4 goblins
  8 kobolds
  A rat (D:2)
45 creatures vanquished.

Notes
Turn   | Place    | Note
-------+----------+-------------------------------------------
     0 | D:1      | shadowrider38 the Kobold Berserker began the quest for the
                  | Orb.
     0 | D:1      | Reached XP level 1. HP: 14/14 MP: 1/1
   351 | D:1      | Reached XP level 2. HP: 12/19 MP: 2/2
  1029 | D:1      | Found Butafut's Antique Weapon Shoppe.
  1266 | D:1      | Reached XP level 3. HP: 13/24 MP: 3/3
  1448 | D:2      | Reached ** piety under Trog
  1568 | D:2      | Reached skill level 5 in Short Blades
  1817 | D:2      | Reached XP level 4. HP: 28/29 MP: 4/4
  2135 | D:2      | Found a bloodstained altar of Trog.
  2174 | D:2      | Noticed Jessica
  2188 | D:2      | Killed Jessica
  2189 | D:2      | Reached XP level 5. HP: 32/34 MP: 5/5
  2391 | D:2      | Reached skill level 5 in Fighting
  2391 | D:2      | Reached skill level 6 in Short Blades
  3038 | D:3      | Slain by a wight

Illustrated notes

Levels and vault maps discovered:
D:1:      beargit_arrival_greenhouse, layout_basic, serial_shops, shop
D:2:      layout_basic, basic_altar, minmay_misc_feat_nine_boxes,
          minmay_pentomino_o4, uniq_jessica
D:3:      layout_rooms, hellmonk_ecumenical_altar_heavens_door, uniq_ijyb,
          uniq_sigmund

Skill      XL: |  1  2  3  4  5 |
---------------+----------------+-----
Fighting       | 4 5 |  5.3
Short Blades   | 5 6 |  6.4
Armour         | |  1.5
Dodging        | |  2.4

Action                   |  1- 3 |  4- 6 || total
-------------------------+-------+-------++-------
Melee: Short sword       |   124 |    55 ||   179
Invok: Berserk           |     2 |     5 ||     7
  Use: Potion            |       |     1 ||     1
 Stab: Sleeping          |     4 |       ||     4
Armor: Animal skin       |    13 |       ||    13
       Chain mail        |    29 |    15 ||    44
Dodge: Dodged            |    63 |    22 ||    85
